 Dungeon Crawl Stone Soup version 0.19-a0-444-g66f5227 (webtiles) character file.

15 Steelers13 the Sneak (level 2, 0/14 HPs)
             Began as a Spriggan Assassin on May 31, 2016.
             Slain by a giant gecko (1 damage)
             ... on level 1 of the Dungeon on June 1, 2016.
             The game lasted 00:08:53 (653 turns).

Steelers13 the Sneak (Spriggan Assassin)             Turns: 653, Time: 00:08:54

Health: 0/14       AC:  3    Str:  7    XL:     2   Next: 34%
Magic:  3/3        EV: 17    Int: 12    God:
Gold:   20         SH:  0    Dex: 17    Spells: 0 memorised, 1 level left

rFire  . . .     SeeInvis +     a - +2 dagger
rCold  . . .     Gourm    .     n - +0 robe
rNeg   . . .     Faith    .     (shield restricted)
rPois  .         Spirit   .     (helmet restricted)
rElec  .         Dismiss  .     d - +0 cloak
rCorr  .         Reflect  .     (gloves unavailable)
SustAt .         Harm     .     (boots unavailable)
MR     .....                    (no amulet)
Stlth  ++++......               (no ring)
                                (no ring)

@: very quick, not resistant to hostile enchantments, stealthy
A: unfitting armour, see invisible, herbivore 3, speed 3, slow metabolism 2
a: no special abilities


You were on level 1 of the Dungeon.
You were not hungry.

You visited 1 branch of the dungeon, and saw 1 of its levels.

You collected 20 gold pieces.

Inventory:

Hand Weapons
 a - a +2 dagger (weapon)
 b - a +0 blowgun
Missiles
 e - 8 poisoned needles
 f - 2 curare-tipped needles
 k - 3 tomahawks (quivered)
Armour
 c - a +0 robe
 d - a +0 cloak (worn)
 l - a +0 ring mail
 n - a +0 robe (worn)
Scrolls
 i - 2 scrolls of identify {unknown}
 o - a scroll of fear {unknown}
 p - a scroll of fog {unknown}
Potions
 j - a potion of brilliance {unknown}
 q - 2 potions of agility
Comestibles
 g - a bread ration
 h - a meat ration
 m - 2 chunks of flesh


   Skills:
 + Level 1.6 Fighting
 + Level 2.1 Short Blades
 + Level 2.2 Throwing
 + Level 1.5 Dodging
 + Level 6.6 Stealth


You had one spell level left.
You didn't know any spells.

Dungeon Overview and Level Annotations

Branches:
Dungeon (1/15)

Altars:


Innate Abilities, Weirdness & Mutations

You are tiny and cannot use many weapons and most armour.
You have supernaturally acute eyesight. (SInv)
You are a herbivore.
You cover ground extremely quickly.
You need consume almost no food.


Message History

The giant gecko bites you. The bat closely misses you.
You barely miss the bat. The bat barely misses you.
The giant newt closely misses you.
You closely miss the giant gecko. The giant gecko barely misses you.
The bat completely misses you.
The giant newt hisses menacingly.
The giant newt completely misses you.
You miss the giant gecko. The bat completely misses you.
The giant gecko bites you.
* * * LOW HITPOINT WARNING * * *
You hit the giant gecko.
The giant gecko is heavily wounded.
The giant gecko closely misses you. The giant newt bites you.
* * * LOW HITPOINT WARNING * * *
The rat closely misses you.
You miss the giant gecko.
The giant gecko is heavily wounded.
The giant gecko bites you.
You die...

########################
#......................#
#......................#
#......................#
#..........######......#
#..........# #......#
#..........# #......#
#......l...# #......##
#b....bl@..# #........
#......r...# ######...
#?.........# #...
#..........# #...
############ #... #...
###. #. #.


You could see a giant gecko, 2 bats, a giant newt and a rat.

Vanquished Creatures
  A giant gecko (D:1)
  2 goblins (D:1)
  3 hobgoblins (D:1)
  2 jackals (D:1)
  2 bats (D:1)
  2 rats (D:1)
12 creatures vanquished.

Notes
Turn   | Place    | Note
--------------------------------------------------------------
     0 | D:1      | Steelers13 the Spriggan Assassin began the quest for the Orb.
     0 | D:1      | Reached XP level 1. HP: 10/10 MP: 2/2
    82 | D:1      | Upgraded the game from 0.19-a0-442-g8935a21 to 0.19-a0-444-g66f5227
   182 | D:1      | Reached skill level 6 in Stealth
   338 | D:1      | Reached XP level 2. HP: 8/14 MP: 3/3
   653 | D:1      | Slain by a giant gecko

Vault maps used:
D:1:      dpeg_cavernosity

Skill      XL: |  1 |
---------------+----+-----
Stealth        | 6 |  6.6
Fighting       | |  1.6
Short Blades   | |  2.1
Throwing       | |  2.2
Dodging        | |  1.5

Action                   || total
-------------------------++-------
Melee: Dagger            ||    39
  Use: Potion            ||     1
 Stab: Sleeping          ||     6
Armor: Robe              ||     5
Dodge: Dodged            ||    35
